 Dungeon Crawl Stone Soup version 0.23.0 (webtiles) character file.

Game seed: 1642341776551438616

7506983 Monsterracer the Bringer of Light (level 27, 139/139 HPs)
             Began as a Gargoyle Fighter on Feb 11, 2019.
             Was the Champion of the Shining One.
             Escaped with the Orb
             ... and 8 runes on Feb 12, 2019!
             The game lasted 02:33:35 (62720 turns).

Monsterracer the Bringer of Light (GrFi)           Turns: 62720, Time: 02:33:36

Health: 139/139    AC: 72    Str: 34      XL:     27
Magic:  40/40      EV: 14    Int: 10 (11) God:    the Shining One [******]
Gold:   6081       SH: 24    Dex: 13 (15) Spells: 23/26 levels left

rFire    + . .     SeeInvis +   a - +8 sacred scourge (holy)
rCold    + . .     Gourm    .   Q - +0 large shield
rNeg     + + +     Faith    .   T - +9 scales of the Dragon King {rPois rF+ rC+ MR+}
rPois    ∞         Spirit   .   W - +0 helmet {SInv}
rElec    +         Reflect  .   q - scarf {repulsion}
rCorr    .         Harm     .   P - +4 pair of gloves of the Big Bang {+Blink Int+3 Dex-2}
MR       +++..     Rnd*Rage +   k - +2 pair of boots {Stlth+}
Stlth    ..........             V - amulet of Existentialism {Regen+ Str+4 SInv}
HPRegen  0.73/turn              j - +6 ring of protection
MPRegen  0.27/turn              z - +4 ring of slaying

@: flying, glowing, repel missiles
A: big wings, thin skeletal structure 1, berserk 1, blurry vision 1,
deterioration 2, frail 3, mutation resistance 1, negative energy resistance 1,
electricity resistance, strong 1, unbreathing, petrification resistance, no
potion heal 1, rot immunity, subdued magic 1, AC +20
0: Orb of Zot
}: 8/15 runes: iron, bone, abyssal, demonic, glowing, magical, fiery, dark
a: Stop Flying, Divine Shield, Cleansing Flame, Summon Divine Warrior, Renounce
Religion, Evoke Blink


You escaped.
You worshipped the Shining One.
The Shining One was exalted by your worship.
You were not hungry.

You visited 7 branches of the dungeon, and saw 41 of its levels.
You visited Pandemonium 2 times, and saw 18 of its levels.
You visited the Abyss 2 times.
You also visited: Sewer and Gauntlet.

You collected 7356 gold pieces.
You spent 1275 gold pieces at shops.

Inventory:

Hand Weapons
 a - a +8 sacred scourge of holy wrath (weapon)
Armour
 k - a +2 pair of boots of stealth (worn)
 q - a scarf of repulsion (worn)
 P - the +4 pair of gloves of the Big Bang (worn) {+Blink Int+3 Dex-2}
   (You acquired it in Pandemonium)

   It affects your intelligence (+3).
   It affects your dexterity (-2).
   It lets you blink.
 Q - a +0 large shield (worn)
 T - the +9 scales of the Dragon King (worn) {rPois rF+ rC+ MR+}
   (You took it off a rakshasa on level 15 of the Dungeon)

   It protects you from fire.
   It protects you from cold.
   It protects you from poison.
   It affects your resistance to hostile enchantments.
 W - a +0 helmet of see invisible (worn)
Jewellery
 j - a +6 ring of protection (left hand)
 z - a +4 ring of slaying (right hand)
 B - an uncursed ring of ice
 F - an uncursed ring of protection from fire {!d}
 V - the amulet of Existentialism (around neck) {Regen+ Str+4 SInv}
   (You found it in Pandemonium)

   [amulet of regeneration]

   It affects your strength (+4).
   It lets you see invisible.
   It increases your rate of regeneration.
Wands
 i - a wand of paralysis (32)
 p - a wand of digging (4)
 w - a wand of disintegration (77)
 D - a wand of iceblast (16)
 E - a wand of enslavement (7)
 H - a wand of scattershot (6)
 S - a wand of acid (44)
Scrolls
 b - a scroll of fog
 f - 5 scrolls of identify
 m - a scroll of magic mapping
 r - 15 scrolls of remove curse
 s - 3 scrolls of summoning {!r}
 t - 2 scrolls of teleportation {!r}
 v - 8 scrolls of amnesia
 C - 3 scrolls of silence
 G - 2 scrolls of holy word
 L - 4 scrolls of fear {!r}
 X - 4 scrolls of blinking
Potions
 d - 6 potions of heal wounds
 e - 9 potions of curing
 g - 6 potions of brilliance
 h - 5 potions of magic
 n - 6 potions of lignification
 o - a potion of agility
 u - 3 potions of haste
 A - 2 potions of resistance
 I - 5 potions of might
 N - 3 potions of berserk rage {!q}
 Y - a potion of cancellation
Miscellaneous
 x - a box of beasts
 y - a lamp of fire
 J - 2 sacks of spiders
 R - a lightning rod (4/4)
Comestibles
 c - 29 rations


   Skills:
 O Level 27 Fighting
 + Level 19.6 Maces & Flails
 + Level 23.5 Armour
 + Level 14.1 Dodging
 + Level 18.2 Shields
 O Level 27 Invocations
 + Level 14.5 Evocations


You had 23 spell levels left.
You knew the following spells:

 Your Spells              Type           Power        Failure   Level  Hunger
e - Blink                 Tloc           N/A          100%        2    ###....
z - Apportation           Tloc           #.....       99%         1    ##.....

Your spell library contained the following spells:

 Spells                   Type           Power        Failure   Level  Hunger
 Animate Skeleton         Necr           N/A          99%         1    ##.....
 Beastly Appendage        Tmut           #.....       99%         1    ##.....
 Confusing Touch          Hex            #.....       99%         1    ##.....
 Corona                   Hex            #......      99%         1    ##.....
 Flame Tongue             Conj/Fire      #....        99%         1    ##.....
 Magic Dart               Conj           #...         99%         1    ##.....
 Pain                     Necr           #...         99%         1    ##.....
 Shock                    Conj/Air       #...         99%         1    ##.....
 Sting                    Conj/Pois      #...         99%         1    ##.....
 Summon Small Mammal      Summ           #...         99%         1    ##.....
 Ensorcelled Hibernation  Hex/Ice        #.....       100%        2    ###....
 Passwall                 Tmut/Erth      #.......     100%        2    ###....
 Poisonous Vapours        Pois/Air       #.....       100%        2    ###....
 Searing Ray              Conj           #.....       100%        2    ###....
 Shroud of Golubria       Chrm/Tloc      #.........   100%        2    ###....
 Sticks to Snakes         Tmut           #.......     100%        2    ###....
 Swiftness                Chrm/Air       #.......     100%        2    ###....
 Throw Flame              Conj/Fire      #.....       100%        2    ###....
 Confuse                  Hex            #.......     100%        3    ####...
 Conjure Flame            Conj/Fire      #.......     100%        3    ####...
 Dazzling Spray           Conj/Hex       #.....       100%        3    ####...
 Gell's Gravitas          Tloc           #.........   100%        3    ####...
 Ignite Poison            Fire/Tmut/Pois #.......     100%        3    ####...
 Lesser Beckoning         Tloc           #.........   100%        3    ####...
 Mephitic Cloud           Conj/Pois/Air  #.......     100%        3    ####...
 Portal Projectile        Hex/Tloc       #.....       100%        3    ####...
 Regeneration             Chrm/Necr      #.........   100%        3    ####...
 Spider Form              Tmut/Pois      #.........   100%        3    ####...
 Static Discharge         Conj/Air       #.......     100%        3    ####...
 Stone Arrow              Conj/Erth      #.....       100%        3    ####...
 Teleport Other           Tloc           #.......     100%        3    ####...
 Tukima's Dance           Hex            #.......     100%        3    ####...
 Vampiric Draining        Necr           #.........   100%        3    ####...
 Airstrike                Air            #.........   100%        4    #####..
 Animate Dead             Necr           N/A          100%        4    #####..
 Force Lance              Conj/Tloc      #.......     100%        4    #####..
 Fulminant Prism          Conj/Hex       #.........   100%        4    #####..
 Ice Form                 Ice/Tmut       #.......     100%        4    #####..
 Iskenderun's Mystic Bla  Conj           #.......     100%        4    #####..
 Olgreb's Toxic Radiance  Pois           #.......     100%        4    #####..
 Petrify                  Tmut/Erth      #.......     100%        4    #####..
 Sticky Flame             Conj/Fire      #.......     100%        4    #####..
 Summon Lightning Spire   Summ/Air       #.......     100%        4    #####..
 Throw Icicle             Conj/Ice       #.......     100%        4    #####..
 Alistair's Intoxication  Tmut/Pois      #.......     100%        5    ######.
 Blade Hands              Tmut           #.........   100%        5    ######.
 Bolt of Draining         Conj/Necr      #.........   100%        5    ######.
 Bolt of Magma            Conj/Fire/Erth #.........   100%        5    ######.
 Borgnjor's Vile Clutch   Necr/Erth      #.........   100%        5    ######.
 Irradiate                Conj/Tmut      #.........   100%        5    ######.
 Iskenderun's Battlesphe  Conj/Chrm      #.......     100%        5    ######.
 Lee's Rapid Deconstruct  Erth           #.........   100%        5    ######.
 Lightning Bolt           Conj/Air       #.........   100%        5    ######.
 Metabolic Englaciation   Hex/Ice        #.........   100%        5    ######.
 Silence                  Hex/Air        #.........   100%        5    ######.
 Venom Bolt               Conj/Pois      #.........   100%        5    ######.
 Yara's Violent Unravell  Hex/Tmut       #.........   100%        5    ######.
 Conjure Ball Lightning   Conj/Air       #.........   100%        6    #######
 Darkness                 Hex            #.........   100%        6    #######
 Death Channel            Necr           #.........   100%        6    #######
 Deflect Missiles         Chrm/Air       #.........   100%        6    #######
 Dispersal                Tloc           #.........   100%        6    #######
 Invisibility             Hex            #.......     100%        6    #######
 Iron Shot                Conj/Erth      #.........   100%        6    #######
 Shadow Creatures         Summ           N/A          100%        6    #######
 Orb of Destruction       Conj           #.........   100%        7    #######
 Spellforged Servitor     Conj/Summ      #.........   100%        7    #######
 Controlled Blink         Tloc           N/A          100%        8    #######
 Disjunction              Tloc           #.........   100%        8    #######
 Tornado                  Air            #.........   100%        9    #######
 Sublimation of Blood     Necr           Unusable     N/A         2    N/A
 Passage of Golubria      Tloc           Unusable     N/A         4    N/A

Dungeon Overview and Level Annotations

Branches:
Dungeon (15/15)            Temple (1/1) D:6            Lair (0/6) D:9
    Orc (0/2) D:10         Vaults (0/5) D:13         Depths (5/5) D:15
   Hell (1/1)                 Dis (7/7) Hell            Geh (0/7) Hell
    Coc (0/7) Hell            Tar (7/7) Hell            Zot (5/5) Depths:5

Altars:
Ashenzari
Cheibriados
Dithmenos
Elyvilon
Fedhas
Gozag
Hepliaklqana
Kikubaaqudgha
Makhleb
Nemelex Xobeh
Okawaru
Qazlal
Ru
Sif Muna
Trog
Uskayaw
Vehumet
Wu Jian
Xom
Yredelemnul
Zin
The Shining One
Lugonu

Shops:
D:8 ?   D:10 =   D:13 *   Depths:1 !

Portals:
Hell: Depths:1 Depths:2 Depths:3 Depths:4 Depths:5
Abyss: Depths:2 Depths:3 Depths:4
Pandemonium: Depths:3 Depths:5
Ziggurat: Depths:1

Annotations:
D:9 exclusion: downstairs
D:10 exclusion: downstairs


Innate Abilities, Weirdness & Mutations

You are resistant to torment.
Your stone body is resilient. (AC +20)
You are immune to poison.
Your large and strong wings let you fly indefinitely.
You resist negative energy. (rN+)
You are resistant to electric shocks. (rElec)
You can survive without breathing.
You are immune to petrification.
You are immune to rotting.
You have a somewhat thin skeletal structure. (Dex +2, Stealth)
You tend to lose your temper in combat.
Scrolls take you a little longer to read.
Your body often deteriorates upon taking damage.
You are extremely frail. (-30% HP)
You are somewhat resistant to further mutation.
Your muscles are strong. (Str +2)
Potions are less effective at restoring your health.
Your spells are a little easier to cast, but a little less powerful.


Message History

You feel yourself slow down.
You now have 80/139 hp.
You start resting.
You feel yourself speed up.
You regained 29 hp, and now have 109/139 hp.
(D) Dungeon (T) Temple (L) Lair (O) Orcish Mines (V) Vaults (U) Depths (H) Hell (I) Dis (G) Gehenna (X) Cocytus (Y) Tartarus (Z) Zot
Where to? (Enter - D:1 @ (x,y), ? - help)
You recover from your berserk rage.
There is an open door here.
A sixfirhy comes into view.
You regained 11 hp, and now have 127/139 hp.
There is an open door here.
You block the sixfirhy's attack.
You thrash the sixfirhy!!
The sixfirhy convulses!!
You kill the sixfirhy!
The Shining One accepts your kill.
You feel better.
Health restored: 139 No target in view!
No target in view!
(D) Dungeon (T) Temple (L) Lair (O) Orcish Mines (V) Vaults (U) Depths (H) Hell (I) Dis (G) Gehenna (X) Cocytus (Y) Tartarus (Z) Zot
Where to? (Enter - D:1 @ (x,y), ? - help)
A hell hog comes into view.
The hell hog breathes fire at you.
The fireball explodes!
The fireball engulfs you but does no damage.
You block the hell hog's attack. x2
You closely miss the hell hog.
Your shield and scales of the Dragon King prevent you from hitting the hell hog.
The hell hog misses you.
You thrash the hell hog!!
The hell hog convulses!!
The hell hog is almost dead.
You block the hell hog's attack.
You punish the hell hog, causing immense pain!!!
You kill the hell hog!
The Shining One accepts your kill.
A hell hog comes into view.
The hell hog breathes fire at you.
The fireball explodes!
The fireball engulfs you. You resist.
You hear an angry squeal.
You take 3 damage, and have 136/139 hp.
You block the hell hog's attack.
A hell hog comes into view.
Health restored: 139 The hell hog squeals angrily.
You thrash the hell hog!!
The hell hog convulses.
The hell hog is moderately wounded.
You block the hell hog's attack.
You punish the hell hog, causing immense pain!!!
You kill the hell hog!
The Shining One accepts your kill. The hell hog breathes fire at you.
The fireball explodes!
The fireball engulfs you!! You resist.
Your body deteriorates!
You feel dopey.
You see here a hell hog corpse.
You take 24 damage, and have 115/139 hp.
You block the hell hog's attack.
You thrash the hell hog!!
The hell hog convulses!!
The hell hog is almost dead.
You block the hell hog's attack.
You thrash the hell hog!!
You kill the hell hog!
The Shining One accepts your kill.
You feel better.
You regained 10 hp, and now have 126/139 hp.
No target in view!
No target in view!
(D) Dungeon (T) Temple (L) Lair (O) Orcish Mines (V) Vaults (U) Depths (H) Hell (I) Dis (G) Gehenna (X) Cocytus (Y) Tartarus (Z) Zot
Where to? (Enter - D:1 @ (x,y), ? - help)
You see here a hell hog corpse.
There is a stone staircase leading up here.
You fly upwards.
There is a stone staircase leading down here.
HP restored.
There is a stone staircase leading up here.
You fly upwards.
There is a stone staircase leading down here.
The felid hisses angrily.
The tengu shouts!
There is an open door here.
The demigod shouts!
The halfling shouts!
The human shouts!
The minotaur bellows!
The ogre shouts!
The naga shouts!
The spriggan shouts!
The orc shouts!
The draconian roars!
The dwarf shouts!
The demonspawn shouts!
The kobold shouts!
The merfolk shouts!
The troll shouts!
The centaur shouts!
The elf shouts!
There is an open door here.
There is a staircase leading out of the dungeon here.
Health restored: 139
Okay, then.
You have escaped!

###############
#a#x#d#6#m#T#e####
###############..#
..............'.@#
###############..#
#V#o#g#K#.#c#M####
############### ##
.# .# .#


There were no monsters in sight!

Vanquished Creatures
  Gloorx Vloq (Pan)
  Ereshkigal (Tar:7)
  Lom Lobon (Pan)
  Mnoleg (Pan)
  Dispater (Dis:7)
  3 ancient liches (Zot:5)
  3 orbs of fire (Zot:5)
  A juggernaut (Depths:2)
  2 Killer Klowns (Zot:5)
  Frederick (Depths:2)
  Margery (Depths:3)
  Geryon (Hell)
  5 caustic shrikes
  6 golden dragons
  10 bone dragons
  6 pandemonium lords
  3 doom hounds
  11 iron giants
  31 Tzitzimimeh
  16 Brimstone Fiends
  2 electric golems (Zot:5)
  11 tentacled monstrosities
  28 Orb Guardians
  9 Ice Fiends
  7 Hell Sentinels
  7 liches
  6 titans
  27 Executioners
  7 quicksilver dragons
  5 tentacled starspawn
  4 death cobs
  11 ancient champions
  3 sphinxes
  Murray (Depths:5)
  A thorn hunter (Abyss:4)
  14 storm dragons
  A tengu reaver (Depths:2)
  4 draconian monks
  8 shadow dragons
  9 fire giants
  11 iron dragons
  3 draconian shifters
  5 frost giants
  4 draconian knights
  2 ghost moths
  32 balrugs
  5 warmongers (Pan)
  5 draconian scorchers
  5 black suns (Pan)
  22 cacodemons
  2 curse skulls (Pan)
  A deep elf elementalist (Abyss:4)
  19 very ugly things
  51 reapers
  A draconian stormcaller (Zot:1)
  12 stone giants
  4 draconian annihilators
  19 war gargoyles
  6 blood saints (Pan)
  14 lorocyprocas
  6 vampire knights
  8 corrupters (Pan)
  5 green draconians
  5 red draconians
  4 white draconians
  4 spark wasps
  A spark wasp (shapeshifter) (Depths:3)
  A black draconian (Depths:5)
  3 deep elf annihilators
  A minotaur (Gauntlet)
  2 purple draconians
  2 ettins (Depths:4)
  7 yellow draconians
  2 eidola (Tar:7)
  8 green deaths
  A merfolk javelineer (Abyss:4)
  28 blizzard demons
  40 starcursed masses
  3 quicksilver dragon zombies
  5 yaktaur captains
  12 great orbs of eyes
  3 jiangshi (Tar:7)
  3 rakshasas (D:15)
  A vault guard (D:13)
  11 fire dragons
  A hydra (D:15)
  11 ice dragons
  4 spriggan air magi
  8 centaur warriors
  2 hell beasts
  A ghost crab (Tar:7)
  8 monstrous demonspawn
  4 ogre magi
  2 tengu warriors
  15 two-headed ogres
  3 titan zombies
  11 deep troll shamans
  7 hell knights
  2 satyrs (Abyss:4)
  24 hell hogs
  7 spriggan berserkers
  3 vampire magi (Tar:7)
  70 sun demons
  3 shock serpents (Pan)
  8 thrashing horrors
  Nergalle (D:10)
  9 deep troll earth magi
  34 soul eaters
  A fire crab (D:15)
  7 wretched stars
  20 iron trolls
  A deep elf knight (D:15)
  A titan skeleton (Pan)
  10 iron golems
  78 skeletal warriors
  3 storm dragon skeletons
  2 death drakes (Tar:1)
  33 sixfirhies
  4 infernal demonspawn (Pan)
  A spatial maelstrom (Abyss:2)
  3 anaconda zombies
  3 golden dragon zombies
  A cherub (Depths:5)
  10 unseen horrors
  2 glowing orange brains (Depths:3)
  8 gelid demonspawn (Pan)
  19 deep trolls
  A glowing orange brain (shapeshifter) (Depths:3)
  14 flayed ghosts
  3 ghost moth zombies
  17 shadow wraiths
  28 shadow demons
  A deep elf archer (D:15)
  2 golden dragon skeletons (Tar:7)
  2 swamp dragons (Abyss:4)
  2 harpies (shapeshifter)
  4 torturous demonspawn (Pan)
  Pikel (D:8)
  An orc knight (D:15)
  14 phantasmal warriors
  A wolf spider zombie (D:15)
  2 stone giant zombies
  5 necromancers
  The ghost of Nr616 the Cleaver, a novice MiBe of Trog (D:4)
  2 shadow dragon zombies (Dis:4)
  7 wizards
  An iron dragon zombie (Dis:6)
  2 wolf spiders (D:15)
  4 frost giant zombies
  23 ugly things
  A sphinx zombie (Depths:1)
  2 fire giant zombies
  2 manticores (D:15)
  A deep elf mage (D:15)
  7 moths of wrath
  2 cyclopes
  3 worldbinders
  A shining eye (Pan)
  A dire elephant zombie (Dis:6)
  A black mamba (shapeshifter) (D:15)
  6 frost giant skeletons
  3 iron dragon skeletons
  A moth of wrath (shapeshifter) (D:15)
  3 stone giant skeletons
  2 ice statues (Hell)
  5 elephants (Gauntlet)
  A water nymph (shapeshifter) (Depths:2)
  2 apocalypse crabs (Abyss:4)
  A shock serpent zombie (Tar:7)
  59 rust devils
  2 fire giant skeletons (Tar:7)
  A shock serpent skeleton (Dis:4)
  A torpor snail (Gauntlet)
  21 smoke demons
  A guardian serpent (Abyss:4)
  3 emperor scorpion zombies
  A dire elephant skeleton (Pan)
  2 spriggan skeletons
  A red draconian zombie (Dis:7)
  A komodo dragon (shapeshifter) (D:15)
  12 hellions
  38 orange demons
  20 yaktaurs
  14 demonic crawlers
  An anaconda simulacrum (Abyss:4)
  A kobold demonologist (Depths:3)
  5 ancient zymes
  8 efreet
  8 freezing wraiths
  39 red devils
  32 tormentors
  9 hellwings
  A harpy zombie (Dis:6)
  9 ice devils
  A queen bee (shapeshifter) (Depths:2)
  3 trolls
  A meliai (shapeshifter) (D:15)
  36 large abominations
  4 silent spectres
  5 tengu conjurers
  9 hydra zombies
  2 hydra skeletons
  A meliai (D:15)
  A wolf spider simulacrum (D:15)
  12 raiju
  2 ettin zombies
  2 harpy skeletons
  15 slime creatures
  2 fire dragon zombies
  3 hornets (Depths:4)
  6 hippogriffs
  An alligator zombie (Dis:7)
  4 ice dragon zombies
  A hippogriff (shapeshifter) (D:15)
  A redback (shapeshifter) (D:15)
  2 ice dragon skeletons
  3 spriggans (Depths:4)
  24 flying skulls
  A spriggan (shapeshifter) (Depths:1)
  A centaur simulacrum (D:15)
  14 wraiths
  2 redbacks (Abyss:2)
  3 fire dragon skeletons
  12 shadows
  2 ettin skeletons
  Sigmund (D:4)
  10 water elementals
  18 ynoxinuls
  13 yaks
  A wyvern (D:10)
  3 fire bats (Abyss:2)
  8 fire elementals (Hell)
  Grum (D:8)
  11 golden eyes (Pan)
  10 humans (D:13)
  2 black mamba skeletons
  24 neqoxecs
  21 chaos spawn (Pan)
  7 hungry ghosts
  6 vampire mosquitoes
  A merfolk zombie (Dis:7)
  7 small abominations
  3 spiny frog zombies
  28 hell hounds
  5 spatial vortices
  5 acid dragons
  3 water moccasins
  A hydra simulacrum (Hell)
  A slave (D:8)
  A floating eye (Pan)
  A sky beast (shapeshifter) (D:15)
  A spiny frog skeleton (Hell)
  A black bear (D:10)
  4 ice beasts
  9 orc warriors
  2 snapping turtle zombies (Dis:7)
  An eye of draining (shapeshifter) (D:15)
  A fire dragon simulacrum (Abyss:4)
  2 sky beasts
  14 ogres
  A phantom (D:7)
  18 necrophages
  3 wolves (D:7)
  2 eyes of draining
  A manticore zombie (Dis:5)
  10 boggarts
  14 centaurs
  2 snapping turtle skeletons (Pan)
  2 crocodiles
  A manticore skeleton (Dis:7)
  4 big kobolds
  4 earth elementals
  10 bullfrogs
  A gnoll sergeant (D:11)
  An elf skeleton (Tar:7)
  4 scorpions
  A spriggan zombie (Tar:7)
  A troll zombie (Tar:7)
  29 wights
  25 killer bees
  A howler monkey (D:7)
  13 crimson imps
  4 bullfrog zombies
  2 centaur zombies
  8 hounds
  9 jellies
  9 orc priests
  2 bullfrog skeletons
  A human zombie (Tar:7)
  9 centaur skeletons
  53 iron imps
  10 orc wizards
  4 iguanas
  Ijyb (D:4)
  2 lightning spires (Gauntlet)
  9 worker ants
  11 hell rats (Hell)
  A killer bee zombie (D:8)
  3 hound skeletons
  3 mummies
  A howler monkey zombie (D:9)
  5 gnolls (D:11)
  An adder (shapeshifter) (Depths:5)
  8 adders
  7 river rats
  11 shadow imps
  A white imp (Gauntlet)
  An ufetubus (Abyss:2)
  7 oozes
  An adder zombie (D:5)
  An adder skeleton (D:4)
  4 worms
  A dart slug (D:2)
  4 leopard geckos
  An orc (shapeshifter) (Depths:3)
  41 orcs
  6 giant cockroaches
  7 hobgoblins
  8 jackals
  10 kobolds
  4 quokkas
  A ball python (D:5)
  9 bats
  7 frilled lizards
  3 goblins
  A leopard gecko skeleton (D:6)
  A quokka zombie (D:5)
  23 rats
  3 fire vortices (D:15)
  5 starspawn tentacles
2452 creatures vanquished.

Vanquished Creatures (collateral kills)
  Cerebov (Pan)
  Mennas (Pan)
  3 iron giants (Dis:7)
  A Hell Sentinel (Dis:7)
  An Ice Fiend (Dis:7)
  2 quicksilver dragons (Dis:7)
  An Executioner (Dis:7)
  3 ancient champions (Dis:7)
  An eldritch tentacle (Pan)
  4 cacodemons (Pan)
  3 iron dragons (Dis:7)
  A frost giant (D:15)
  A reaper (Dis:7)
  3 war gargoyles (Dis:7)
  2 very ugly things (Pan)
  A green death (Dis:7)
  2 ettins
  A great orb of eyes (Pan)
  A yaktaur captain (D:15)
  An ice dragon (Depths:2)
  A quicksilver dragon skeleton (Pan)
  A spriggan air mage (Depths:2)
  A catoblepas (D:15)
  An iron golem (Dis:7)
  A storm dragon zombie (Dis:7)
  A sun demon (Pan)
  A soul eater (Pan)
  2 sixfirhies
  A skeletal warrior (Dis:7)
  2 iron trolls (Dis:7)
  A shadow dragon zombie (Dis:7)
  5 large abominations (Pan)
  A fire giant zombie (Dis:7)
  2 ugly things (Pan)
  A cyclops (D:15)
  2 rust devils
  5 orange demons (Pan)
  A smoke demon (Pan)
  A demonic crawler (Pan)
  A tormentor (Dis:7)
  An ettin zombie (Dis:7)
  2 golden eyes (Pan)
  3 neqoxecs (Pan)
  A chaos spawn (Pan)
  A hell hound (Dis:7)
  A spriggan zombie (Dis:7)
  A jelly (D:15)
  4 iron imps (Dis:7)
  A mummy (Dis:7)
81 creatures vanquished.

Vanquished Creatures (others)
  An iron troll (Dis:7)
  A spatial maelstrom (Abyss:4)
  An orange demon (Pan)
  A smoke demon (Pan)
  A human (D:13)
  2 slaves (D:8)
  A necrophage (D:8)
  A centaur (D:15)
  2 boggarts (Depths:3)
  3 wights (D:8)
  A crimson imp (D:15)
  An iron imp (Hell)
  A hell rat (Hell)
  10 ball lightnings (Pan)
  An orc (D:10)
  A lurking horror (Abyss:4)
  2 plants
  8 starspawn tentacles
39 creatures vanquished.

Grand Total: 2572 creatures vanquished

Notes
Turn   | Place    | Note
-------+----------+-------------------------------------------
     0 | D:1      | Monsterracer the Gargoyle Fighter began the quest for the
                  | Orb.
     0 | D:1      | Reached XP level 1. HP: 14/14 MP: 1/1
     2 | D:1      | Noticed an elf
     4 | D:1      | Noticed a troll
     4 | D:1      | Noticed a centaur
     6 | D:1      | Noticed a merfolk
     8 | D:1      | Noticed a demonspawn
    10 | D:1      | Noticed a draconian
    10 | D:1      | Noticed a dwarf
    12 | D:1      | Noticed an octopode
    14 | D:1      | Noticed a formicid
    14 | D:1      | Noticed a vampire
    16 | D:1      | Noticed a vine stalker
    16 | D:1      | Noticed a gargoyle
    18 | D:1      | Noticed a naga
    18 | D:1      | Noticed a spriggan
    20 | D:1      | Noticed a minotaur
    20 | D:1      | Noticed an ogre
    22 | D:1      | Noticed a ghoul
    22 | D:1      | Noticed a human
    24 | D:1      | Noticed a demigod
    24 | D:1      | Noticed a halfling
    26 | D:1      | Noticed a felid
    26 | D:1      | Noticed a tengu
   306 | D:1      | Reached XP level 2. HP: 18/19 MP: 2/2
  1110 | D:2      | Reached XP level 3. HP: 23/23 MP: 3/3
  1480 | D:2      | HP: 9/23 [hobgoblin (3)]
  1511 | D:2      | HP: 11/24 [bat (1)]
  2091 | D:3      | Reached XP level 4. HP: 25/29 MP: 4/4
  2227 | D:3      | Found a hazy altar of Hepliaklqana.
  2388 | D:3      | Reached XP level 5. HP: 28/33 MP: 5/5
  3159 | D:4      | Noticed Ijyb
  3161 | D:4      | Paralysed by Ijyb for 7 turns
  3179 | D:4      | Killed Ijyb
  3504 | D:4      | Found a runed translucent door.
  3508 | D:4      | Noticed Nr616's ghost (novice MiBe)
  3517 | D:4      | Noticed Sigmund
  3528 | D:4      | Killed Sigmund
  3528 | D:4      | Reached XP level 6. HP: 39/39 MP: 6/6
  3551 | D:4      | HP: 17/39 [ogre/+0 giant club (4)]
  3552 | D:4      | Reached XP level 7. HP: 20/44 MP: 7/7
  3745 | D:4      | Reached skill level 5 in Maces & Flails
  3911 | D:4      | Identified the +4 ring mail of Experimentation {Regen+
                  | Dex+4}
  4195 | D:5      | Entered Level 5 of the Dungeon
  4200 | D:5      | Found a shattered altar of Ashenzari.
  4219 | D:5      | Reached skill level 5 in Armour
  4219 | D:5      | Reached skill level 5 in Shields
  4221 | D:5      | Reached skill level 5 in Fighting
  4256 | D:5      | HP: 18/44 [ice beast (9)]
  4260 | D:5      | HP: 3/44 [ice beast (13)]
  4296 | D:5      | HP: 6/44 [ball python (2)]
  4569 | D:5      | Reached XP level 8. HP: 47/49 MP: 8/8
  4745 | D:5      | Found a glowing drain.
  4778 | Sewer    | Entered a sewer
  4920 | Sewer    | Found a white marble altar of Elyvilon.
  5096 | D:5      | Found a bloodstained altar of Trog.
  5102 | D:5      | Reached skill level 1 in Evocations
  5266 | D:6      | Found an ornate altar of the Wu Jian Council.
  5268 | D:6      | Found a stormy altar of Qazlal.
  5268 | D:6      | Found a hide-covered altar of Uskayaw.
  5673 | D:6      | Found a staircase to the Ecumenical Temple.
  5699 | Temple   | Entered the Ecumenical Temple
  5780 | Temple   | Became a worshipper of the Shining One
  5846 | D:6      | Reached XP level 9. HP: 54/55 MP: 10/10
  5850 | D:6      | Reached skill level 1 in Invocations
  7104 | D:8      | Noticed Grum
  7128 | D:7      | HP: 28/56 [wolf[Grum] (4)]
  7134 | D:7      | HP: 28/56 [wolf[Grum] (1)]
  7469 | D:8      | Killed Grum
  7569 | D:8      | Reached * piety under the Shining One
  7577 | D:8      | Reached XP level 10. HP: 63/63 MP: 12/12
  7581 | D:8      | Noticed Pikel
  7631 | D:8      | Killed Pikel
  7779 | D:8      | Found a burning altar of Makhleb.
  8017 | D:8      | Found Maaqufum's Magic Scroll Emporium.
  8020 | D:8      | Bought a scroll of blinking for 90 gold pieces
  8020 | D:8      | Bought a scroll of holy word for 90 gold pieces
  8338 | D:9      | Reached ** piety under the Shining One
  8369 | D:9      | Found a sacrificial altar of Ru.
  8536 | D:9      | Found a staircase to the Lair.
  8586 | D:9      | Reached skill level 5 in Invocations
  8868 | D:9      | Found a radiant altar of Vehumet.
  9053 | D:9      | Reached skill level 10 in Maces & Flails
  9061 | D:9      | Reached XP level 11. HP: 68/68 MP: 14/14
  9145 | D:10     | Entered Level 10 of the Dungeon
  9219 | D:10     | Reached skill level 1 in Dodging
  9268 | D:10     | Found Ceeroh's Jewellery Shoppe.
  9314 | D:10     | Reached *** piety under the Shining One
  9436 | D:10     | Noticed Nergalle
  9710 | D:10     | Killed Nergalle
  9993 | D:10     | Noticed a two-headed ogre
 10033 | D:10     | Killed a two-headed ogre
 10295 | D:10     | Found a staircase to the Orcish Mines.
 10475 | D:11     | Noticed a cyclops
 10482 | D:11     | Killed a cyclops
 10495 | D:11     | Noticed a green ugly thing
 10512 | D:11     | Killed a green ugly thing
 11203 | D:12     | Reached **** piety under the Shining One
 11356 | D:12     | Reached XP level 12. HP: 76/76 MP: 16/16
 11468 | D:12     | HP: 28/76 [cyclops (20)]
 11940 | D:12     | Found the amulet of the Four Winds {rN+ MR+++ Clar}
 12784 | D:13     | Found Nog Lyom's Mayhem Merchandise.
 12790 | D:13     | Found a gate leading to a gauntlet.
 12801 | Gauntlet | Entered a Gauntlet
 12801 | Gauntlet | Found a transporter.
 12855 | Gauntlet | Found a transporter.
 12857 | Gauntlet | Found a transporter.
 12870 | Gauntlet | Found a transporter.
 12879 | Gauntlet | Found a transporter.
 12894 | Gauntlet | Found a transporter.
 12904 | Gauntlet | Found a transporter.
 12913 | Gauntlet | Noticed a death scarab
 12914 | Gauntlet | Found a transporter.
 12933 | Gauntlet | Found a transporter.
 12938 | Gauntlet | Found a transporter.
 12941 | Gauntlet | Found a transporter.
 12941 | Gauntlet | Noticed a death scarab
 13003 | Gauntlet | HP: 35/76 [elephant (11)]
 13014 | Gauntlet | HP: 31/76 [elephant (6)]
 13251 | Gauntlet | Found a transporter.
 13265 | Gauntlet | Found a transporter.
 13292 | Gauntlet | Found a transporter.
 13301 | Gauntlet | Got a serpentine turquoise ring
 13379 | Gauntlet | Identified the ring "Vonion" {AC+2 Int+7} (You found it in
                  | a Gauntlet)
 13394 | Gauntlet | Identified the cursed +1 hand axe of Mackan {speed, Fragile
                  | +Rage rPois Str-5}
 13394 | Gauntlet | Noticed a minotaur
 13405 | Gauntlet | HP: 20/76 [minotaur/the cursed +1 hand axe of Mackan
                  | {speed, Fragile +Rage rPois Str-5} (22)]
 13405 | Gauntlet | HP: 9/76 [minotaur/the cursed +1 hand axe of Mackan {speed,
                  | Fragile +Rage rPois Str-5} (11)]
 13412 | Gauntlet | HP: 16/114 [minotaur/the cursed +1 hand axe of Mackan
                  | {speed, Fragile +Rage rPois Str-5} (13)]
 13414 | Gauntlet | Killed a minotaur
 13722 | D:13     | Noticed a vault guard
 13741 | D:13     | Killed a vault guard
 13780 | D:13     | Found a gate to the Vaults.
 14247 | D:14     | Reached skill level 10 in Fighting
 14316 | D:14     | Reached ***** piety under the Shining One
 14457 | D:14     | Noticed a centaur warrior
 14472 | D:14     | Killed a centaur warrior
 14472 | D:14     | Reached skill level 10 in Armour
 14472 | D:14     | Reached skill level 10 in Shields
 14472 | D:14     | Reached XP level 13. HP: 77/82 MP: 18/18
 15033 | D:15     | Entered Level 15 of the Dungeon
 15343 | D:15     | Reached skill level 5 in Dodging
 15392 | D:15     | Found a sacrificial altar of Ru.
 15392 | D:15     | Found a shattered altar of Ashenzari.
 15395 | D:15     | Found a radiant altar of Vehumet.
 15634 | D:15     | Found a staircase to the Depths.
 15706 | D:15     | Noticed a yaktaur captain
 15729 | D:15     | Killed a yaktaur captain
 16046 | D:15     | HP: 37/83 [komodo dragon (shapeshifter) (16)]
 16331 | D:15     | Gained mutation: Your large and strong wings let you fly
                  | indefinitely. [Gargoyle growth]
 16331 | D:15     | Reached XP level 14. HP: 70/88 MP: 20/20
 16371 | D:15     | Noticed a stone giant
 16405 | D:15     | HP: 36/88 [stone giant (12)]
 16529 | D:14     | Killed a stone giant
 16832 | D:15     | HP: 43/90 [ettin/+0 dire flail (34)]
 17048 | D:15     | Noticed a frost giant
 17057 | D:15     | Killed a frost giant
 17072 | D:15     | HP: 43/90 [yaktaur captain/+3 hand axe of flaming (11)]
 17077 | D:15     | Noticed a sphinx
 17270 | D:15     | Learned a level 1 spell: Apportation
 17287 | D:15     | Noticed a sphinx
 17633 | D:15     | Paralysed by a floating eye for 3 turns
 17890 | D:15     | Reached ****** piety under the Shining One
 18377 | D:14     | Killed a sphinx
 18706 | D:15     | Got a translucent hunting sling
 18846 | Depths:1 | Entered Level 1 of the Depths
 19149 | Depths:2 | Noticed a stone giant
 19333 | Depths:2 | Killed a stone giant
 19634 | Depths:1 | Found Tyschu's Distillery.
 19881 | Depths:1 | Reached skill level 10 in Invocations
 20020 | Depths:1 | Noticed a stone giant
 20028 | Depths:1 | Noticed a frost giant
 20043 | Depths:1 | Killed a frost giant
 20052 | Depths:1 | HP: 36/90 [stone giant (19)]
 20053 | Depths:1 | Killed a stone giant
 20053 | Depths:1 | Reached XP level 15. HP: 38/95 MP: 22/22
 20435 | Depths:1 | Noticed a storm dragon
 20678 | Depths:2 | HP: 38/96 [ice dragon/blast of cold (18)]
 20686 | Depths:2 | HP: 48/144 [ice dragon/blast of cold (4)]
 20714 | Depths:2 | HP: 29/96 [spriggan air mage/bolt of lightning (12)]
 20717 | Depths:2 | HP: 11/96 [spriggan air mage/the air (15)]
 20722 | Depths:2 | HP: 16/96 [spriggan air mage/bolt of lightning (3)]
 20723 | Depths:2 | The Shining One protects you from harm!
 21068 | Depths:1 | Bought a potion of heal wounds for 75 gold pieces
 21068 | Depths:1 | Bought a potion of haste for 150 gold pieces
 21068 | Depths:1 | Bought a potion of haste for 150 gold pieces
 21068 | Depths:1 | Bought 2 potions of curing for 90 gold pieces
 21068 | Depths:1 | Bought a potion of resistance for 150 gold pieces
 21068 | Depths:1 | Bought a potion of ambrosia for 120 gold pieces
 21068 | Depths:1 | Bought a potion of haste for 150 gold pieces
 21068 | Depths:1 | Bought a potion of resistance for 150 gold pieces
 21068 | Depths:1 | Bought a potion of might for 60 gold pieces
 21463 | Depths:2 | Noticed an iron dragon
 21518 | Depths:1 | Killed an iron dragon
 21518 | Depths:1 | Reached skill level 5 in Evocations
 21600 | Depths:2 | HP: 48/96 [stone giant (20)]
 21907 | Depths:2 | Noticed a frost giant
 22050 | Depths:1 | HP: 44/96 [deep troll earth mage (illusionary)/Lee's Rapid
                  | Deconstruction (23)]
 22054 | Depths:1 | HP: 19/96 [deep troll earth mage (illusionary)/Lee's Rapid
                  | Deconstruction (26)]
 22560 | Depths:1 | Noticed a golden dragon
 22591 | Depths:1 | Noticed a frost giant
 22613 | Depths:1 | HP: 44/96 [deep troll shaman (18)]
 22620 | Depths:1 | HP: 40/96 [deep troll shaman (6)]
 22699 | D:15     | HP: 67/144 [deep troll shaman (10)]
 22898 | D:15     | Reached skill level 15 in Maces & Flails
 22967 | D:15     | Killed a frost giant
 23122 | D:15     | Killed a golden dragon
 23209 | Depths:1 | Reached XP level 16. HP: 72/103 MP: 24/24
 23442 | Depths:1 | Killed a storm dragon
 23552 | Depths:1 | Found a gateway to Hell.
 23788 | Depths:1 | Found a gateway to a ziggurat.
 24735 | Depths:2 | Found a corrupted altar of Lugonu.
 24770 | Depths:2 | Noticed a lich
 24787 | Depths:2 | Killed a lich
 24798 | Depths:2 | Noticed a juggernaut
 24819 | Depths:2 | Killed a juggernaut
 24847 | Depths:2 | HP: 40/104 [spriggan berserker/+1 quarterstaff of crushing
                  | (21)]
 25108 | Depths:2 | Found a one-way gate to the infinite horrors of the Abyss.
 25262 | Depths:2 | HP: 47/104 [stone giant/large rock (21)]
 25271 | Depths:2 | HP: 37/104 [stone giant/large rock (12)]
 25603 | Depths:2 | Noticed a golden dragon
 25664 | Depths:2 | Killed a golden dragon
 25664 | Depths:2 | Reached XP level 17. HP: 109/109 MP: 26/26
 26032 | Depths:2 | Identified a +4 sacred scourge of holy wrath (a +2 demon
                  | whip of venom blessed by the Shining One)
 26032 | Depths:2 | Received a gift from the Shining One
 27185 | Depths:3 | Noticed a sphinx
 27201 | Depths:2 | Killed a sphinx
 27636 | Depths:3 | Noticed a caustic shrike
 27640 | Depths:3 | Noticed a caustic shrike
 27640 | Depths:3 | Noticed a caustic shrike
 27656 | Depths:2 | Killed a caustic shrike
 27706 | Depths:3 | Found a one-way gate leading to the halls of Pandemonium.
 28042 | Depths:3 | Noticed a golden dragon
 28071 | Depths:3 | Killed a golden dragon
 28268 | Depths:3 | Noticed Frederick
 28298 | Depths:3 | Noticed a caustic shrike
 28304 | Depths:2 | Killed Frederick
 28304 | Depths:2 | Reached XP level 18. HP: 88/117 MP: 28/28
 28418 | Depths:2 | Killed a caustic shrike
 28529 | Depths:3 | Noticed a lich
 28551 | Depths:3 | Killed a caustic shrike
 28555 | Depths:3 | Killed a lich
 28556 | Depths:3 | Noticed a tentacled monstrosity
 28570 | Depths:3 | HP: 43/117 [fire giant/fireball (24)]
 28582 | Depths:3 | HP: 40/117 [caustic shrike (8)]
 29151 | Depths:3 | Killed a caustic shrike
 29309 | Depths:3 | Noticed a lich
 29326 | Depths:3 | HP: 53/117 [lich/bolt of acid (37)]
 29348 | Depths:3 | HP: 36/117 [lich/bolt of acid (13)]
 29738 | Depths:3 | Killed a lich
 29813 | Depths:3 | Killed a tentacled monstrosity
 29813 | Depths:3 | Reached skill level 15 in Invocations
 30218 | Depths:3 | Reached skill level 15 in Shields
 30272 | Depths:3 | Reached skill level 15 in Fighting
 30272 | Depths:3 | Reached skill level 15 in Armour
 31509 | Depths:4 | Noticed Margery
 31531 | Depths:3 | Killed Margery
 31572 | Depths:4 | Cast into level 2 of the Abyss (hell knight)
 31658 | Depths:4 | Escaped the Abyss
 31847 | Depths:4 | Noticed a golden dragon
 31863 | Depths:4 | Reached XP level 19. HP: 107/124 MP: 30/30
 31884 | Depths:4 | Killed a golden dragon
 32490 | Depths:4 | Noticed a lich
 32650 | Depths:4 | Killed a lich
 32787 | Depths:4 | Noticed a tentacled monstrosity
 32796 | Depths:4 | Killed a tentacled monstrosity
 33497 | D:4      | Killed Nr616's ghost
 33979 | Depths:5 | Entered Level 5 of the Depths
 35226 | Depths:5 | Noticed a caustic shrike
 35699 | Depths:5 | Noticed a lich
 35706 | Depths:5 | Killed a lich
 36053 | Depths:5 | Reached XP level 20. HP: 124/134 MP: 32/32
 36396 | Depths:5 | Noticed a bone dragon
 36437 | Depths:5 | Killed a bone dragon
 36704 | Depths:5 | Found a gate to the Realm of Zot.
 36800 | Depths:5 | Killed a caustic shrike
 36911 | Depths:5 | Identified Riagh's Incunabulum of Cold and Unholy Secrets
 36916 | Depths:5 | Got an iridescent flail
 37174 | Hell     | Entered the Vestibule of Hell
 37174 | Hell     | Noticed Geryon
 37309 | Hell     | Noticed Murray
 37392 | Depths:5 | Killed Murray
 37424 | Hell     | Killed Geryon
 37755 | Hell     | Found a gateway to the decaying netherworld of Tartarus.
 37823 | Hell     | Found a gateway to the freezing wastes of Cocytus.
 38001 | Hell     | Found a gateway to the Iron City of Dis.
 38076 | Hell     | Found a gateway to the ashen valley of Gehenna.
 38120 | Dis:1    | Entered Level 1 of the Iron City of Dis
 38466 | Dis:2    | Reached XP level 21. HP: 130/142 MP: 34/34
 38729 | Dis:4    | Noticed a bone dragon
 38739 | Dis:4    | Killed a bone dragon
 39107 | Dis:4    | Gained mutation: Potions are less effective at restoring
                  | your health. [a cacodemon]
 39111 | Dis:4    | Lost mutation: Potions are less effective at restoring your
                  | health. [potion of mutation]
 39111 | Dis:4    | Gained mutation: Your flesh is heat resistant. (rF+)
                  | [potion of mutation]
 39111 | Dis:4    | Gained mutation: You possess an exceptional clarity of
                  | mind. [potion of mutation]
 39620 | Dis:4    | Noticed a bone dragon
 39631 | Dis:4    | Killed a bone dragon
 39716 | Dis:4    | Gained mutation: You are clumsy. (Dex -2) [mutagenic glow]
 39991 | Dis:4    | HP: 70/144 [reaper/+4 scythe of freezing (4)]
 40313 | Dis:4    | HP: 68/145 [iron troll (17)]
 40327 | Dis:4    | HP: 62/145 [iron dragon (11)]
 40337 | Dis:4    | HP: 63/145 [iron dragon (1)]
 40347 | Dis:4    | Reached XP level 22. HP: 61/152 MP: 36/36
 41229 | Dis:6    | HP: 68/152 [iron giant/cursed +0 giant club (53)]
 41231 | Dis:6    | HP: 33/152 [soul eater[the effects of Hell] (7)]
 41235 | Dis:6    | HP: 8/152 [ancient champion/iron shot[an iron giant] (44)]
 41558 | Dis:7    | Entered Level 7 of the Iron City of Dis
 41703 | Dis:7    | HP: 76/153 [skeletal warrior/+0 trident[a skeletal warrior]
                  | (11)]
 41716 | Dis:7    | HP: 68/153 [war gargoyle/spray of metal splinters (32)]
 41742 | Dis:7    | HP: 71/153 [iron troll (12)]
 42318 | Dis:7    | Reached XP level 23. HP: 99/160 MP: 37/37
 42701 | Dis:7    | Found the +2 Maxwell's thermic engine {flame, freeze}
 42826 | Dis:7    | HP: 80/160 [reaper/+6 scythe of protection[the effects of
                  | Hell] (19)]
 42832 | Dis:7    | HP: 41/160 [Brimstone Fiend/damnation (37)]
 42840 | Dis:7    | HP: 39/160 [the effects of Hell (6)]
 42860 | Dis:7    | HP: 37/160 [iron giant/+0 giant club (19)]
 42868 | Dis:7    | HP: 37/160 [Ice Fiend (2)]
 42871 | Dis:7    | HP: 18/160 [Ice Fiend/bolt of cold (6)]
 43573 | Dis:7    | HP: 68/162 [ancient champion/iron shot[an iron giant] (25)]
 43593 | Dis:7    | HP: 40/162 [Hell Sentinel/damnation (38)]
 43673 | Dis:7    | HP: 78/162 [iron giant/Hell Sentinel (17)]
 43740 | Dis:7    | Identified the +4 staff of Dispater
 43740 | Dis:7    | Noticed Dispater
 43743 | Dis:7    | HP: 46/162 [Hell Sentinel/iron shot (36)]
 43789 | Dis:7    | Reached XP level 24. HP: 90/168 MP: 32/38
 43825 | Dis:7    | HP: 75/168 [Brimstone Fiend/damnation (30)]
 43830 | Dis:7    | HP: 47/168 [Brimstone Fiend/damnation (30)]
 44171 | Dis:7    | Killed Dispater
 44181 | Dis:7    | Identified Hurebb's Disquisition on Scorching Transmutation
 44184 | Dis:7    | Got a creamy pearl robe
 44189 | Dis:7    | Got an iron rune of Zot
 44194 | Dis:7    | Identified Qough's Collected Works on Moulding and the
                  | Arsonist
 44523 | Depths:2 | Voluntarily entered the Abyss.
 44607 | Abyss:2  | Found a corrupted altar of Lugonu.
 44674 | Abyss:2  | Got an iridescent morningstar
 44675 | Abyss:2  | Identified the cursed +3 morningstar of the Boiling Point
                  | {crush, *Slow rPois Str+3 Int+4} (You found it on level 2
                  | of the Abyss)
 44707 | Abyss:2  | Found a corrupted altar of Lugonu.
 45051 | Abyss:2  | Gained mutation: Your magical capacity is low. (-10% MP) [a
                  | neqoxec]
 45054 | Abyss:2  | Gained mutation: Potions are less effective at restoring
                  | your health. [a neqoxec]
 45401 | Abyss:3  | Found a corrupted altar of Lugonu.
 45428 | Abyss:3  | Found a shimmering altar of Xom.
 45434 | Abyss:3  | Found a corrupted altar of Lugonu.
 45913 | Abyss:4  | Gained mutation: You are weak. (Str -2) [a neqoxec]
 45923 | Abyss:4  | Got a steaming chain mail
 45924 | Abyss:4  | Identified the +1 chain mail of the Beekeeper {rElec rF+
                  | Str+3} (You found it on level 4 of the Abyss)
 46068 | Abyss:4  | Got an abyssal rune of Zot
 46083 | Abyss:5  | Entered Level 5 of the Abyss
 46096 | Abyss:5  | Found a corrupted altar of Lugonu.
 46107 | Abyss:5  | Paralysed by accursed screaming for 1 turns
 46174 | Depths:2 | Escaped the Abyss
 46416 | Tar:1    | Entered Level 1 of Tartarus
 46538 | Tar:1    | You are sucked into a shaft!
 46603 | Tar:3    | Reached XP level 25. HP: 175/175 MP: 34/34
 47091 | Tar:7    | Entered Level 7 of Tartarus
 47936 | Tar:7    | Identified Fonoh's Disquisition on Earthen Combat Magic
 48637 | Tar:7    | Reached XP level 26. HP: 183/183 MP: 35/35
 49396 | Tar:7    | Noticed Ereshkigal
 49411 | Tar:7    | HP: 124/274 [??? (25)]
 49421 | Tar:7    | HP: 88/274 [??? (17)]
 49425 | Tar:7    | Killed Ereshkigal
 49426 | Tar:7    | HP: 80/274 [??? (16)]
 49434 | Tar:7    | HP: 61/183 [Tzitzimitl (6)]
 49473 | Tar:7    | Got a bone rune of Zot
 50307 | Pan      | Entered Pandemonium
 50325 | Pan      | Gained mutation: You are very weak. (Str -4) [a cacodemon]
 50416 | Pan      | Learned a level 2 spell: Blink
 50531 | Pan      | Entered the realm of Gloorx Vloq.
 50583 | Pan      | Reached XP level 27. HP: 188/188 MP: 36/36
 50813 | Pan      | Identified a scroll of acquirement
 50824 | Pan      | Got a pair of ichor-stained gloves
 50835 | Pan      | Identified the +4 pair of gloves of the Big Bang {+Blink
                  | Int+3 Dex-2} (You acquired it in Pandemonium)
 50865 | Pan      | Identified the Tome of Sinister Rituals and Heat
 50887 | Pan      | Got an ichor-stained great sword
 50905 | Pan      | Identified the +5 great sword of Sonoab {speed, rPois
                  | Str+9} (You found it in Pandemonium)
 51079 | Pan      | Noticed Gloorx Vloq
 51085 | Pan      | Reached skill level 27 in Invocations
 51089 | Pan      | HP: 88/188 [??? (17)]
 51097 | Pan      | HP: 81/282 [??? (16)]
 51102 | Pan      | Killed Gloorx Vloq
 51132 | Pan      | Got a dark rune of Zot
 51721 | Pan      | Reached skill level 10 in Dodging
 51724 | Pan      | Noticed Tutuuqif the pandemonium lord
 51750 | Pan      | Killed Tutuuqif the pandemonium lord
 51790 | Pan      | Entered the realm of Cerebov.
 51926 | Pan      | HP: 94/189 [balrug/divine providence (13)]
 52487 | Pan      | Reached skill level 10 in Evocations
 53088 | Pan      | HP: 80/190 [??? (16)]
 53239 | Pan      | Identified the +6 sword of Cerebov {flame}
 53239 | Pan      | Noticed Cerebov
 53282 | Pan      | Killed Cerebov
 53314 | Pan      | Got a fiery rune of Zot
 53400 | Pan      | Got a scintillating zirconium amulet
 53401 | Pan      | Identified the amulet of Goeqotaf {+Rage Int+2} (You found
                  | it in Pandemonium)
 53404 | Pan      | Got an iridescent trident
 53414 | Pan      | Got a crude dagger
 53429 | Pan      | Got a twisted long sword
 53462 | Pan      | Got an encrusted dagger
 53490 | Pan      | Got a scorched morningstar
 53492 | Pan      | Got a scorched long sword
 53539 | Pan      | Got a brightly glowing steel amulet
 53547 | Pan      | Identified the amulet of Existentialism {Regen+ Str+4 SInv}
                  | (You found it in Pandemonium)
 53818 | Pan      | Found an exit through the horrors of the Abyss.
 53948 | Pan      | Entered the realm of Mnoleg.
 54015 | Pan      | Gained mutation: You are very clumsy. (Dex -4) [a neqoxec]
 54044 | Pan      | Noticed Mnoleg
 54048 | Pan      | Gained mutation: Your magical capacity is very low. (-20%
                  | MP) [a cacodemon]
 54053 | Pan      | Gained mutation: Armour fits poorly on your strangely
                  | shaped body. [a cacodemon]
 54059 | Pan      | Gained mutation: Scrolls take you a little longer to read.
                  | [a neqoxec]
 54060 | Pan      | Paralysed by a floating eye for 2 turns
 54062 | Pan      | Gained mutation: Your body sometimes deteriorates upon
                  | taking damage. [a cacodemon]
 54075 | Pan      | Killed Mnoleg
 54088 | Pan      | Lost intelligence.
 54105 | Pan      | Gained mutation: Your body often deteriorates upon taking
                  | damage. [a cacodemon]
 54373 | Pan      | Gained mutation: Your magical capacity is extremely low.
                  | (-30% MP) [a neqoxec]
 54744 | Pan      | Gained mutation: Potions are poor at restoring your health.
                  | [a cacodemon]
 54875 | Pan      | Got a glowing rune of Zot
 55055 | Pan      | Lost mutation: Scrolls take you a little longer to read.
                  | [potion of mutation]
 55055 | Pan      | Lost mutation: You are very clumsy. (Dex -4) [potion of
                  | mutation]
 55055 | Pan      | Lost mutation: Armour fits poorly on your strangely shaped
                  | body. [potion of mutation]
 55055 | Pan      | Lost mutation: Your body often deteriorates upon taking
                  | damage. [potion of mutation]
 55055 | Pan      | Lost mutation: You possess an exceptional clarity of mind.
                  | [potion of mutation]
 55055 | Pan      | Gained mutation: You expend magic power (3 MP) to
                  | strengthen your wands. [potion of mutation]
 55148 | Pan      | Noticed Mennas
 55155 | Pan      | Identified the cursed +0 large shield "Ykuaggub" {+Fly
                  | Dex+6 Stlth+}
 55191 | Pan      | Killed Mennas
 55239 | Pan      | HP: 92/193 [Brimstone Fiend/damnation (43)]
 55505 | Pan      | Gained mutation: You are very clumsy. (Dex -4) [a
                  | cacodemon]
 55507 | Pan      | Gained mutation: Scrolls take you a little longer to read.
                  | [a cacodemon]
 55607 | Depths:5 | Escaped Pandemonium
 55619 | Pan      | Entered Pandemonium
 55692 | Pan      | Gained mutation: Your body often deteriorates upon taking
                  | damage. [a neqoxec]
 55707 | Pan      | Gained mutation: You tend to lose your temper in combat. [a
                  | cacodemon]
 55709 | Pan      | Lost mutation: You are very weak. (Str -4) [a cacodemon]
 55732 | Pan      | Entered the realm of Lom Lobon.
 55772 | Pan      | HP: 93/193 [deep elf annihilator/bolt of lightning (4)]
 55958 | Pan      | Noticed Lom Lobon
 55977 | Pan      | Killed Lom Lobon
 56002 | Pan      | Got a magical rune of Zot
 56466 | Pan      | Gained mutation: Armour fits poorly on your strangely
                  | shaped body. [a cacodemon]
 56547 | Pan      | Found an exit through the horrors of the Abyss.
 56865 | Pan      | Noticed Zemueker the pandemonium lord
 56872 | Pan      | HP: 86/195 [??? (17)]
 56876 | Pan      | Killed Zemueker the pandemonium lord
 57524 | Pan      | Gained mutation: You are frail. (-10% HP) [a neqoxec]
 57575 | Pan      | Lost mutation: Your magical capacity is extremely low.
                  | (-30% MP) [potion of mutation]
 57575 | Pan      | Lost mutation: You are weak. (Str -2) [potion of mutation]
 57575 | Pan      | Lost mutation: Your magical capacity is very low. (-20% MP)
                  | [potion of mutation]
 57575 | Pan      | Gained mutation: Your muscles are strong. (Str +2) [potion
                  | of mutation]
 57576 | Pan      | Lost mutation: Potions are poor at restoring your health.
                  | [potion of mutation]
 57576 | Pan      | Lost mutation: Your magical capacity is low. (-10% MP)
                  | [potion of mutation]
 57576 | Pan      | Lost mutation: You are very clumsy. (Dex -4) [potion of
                  | mutation]
 57576 | Pan      | Lost mutation: Armour fits poorly on your strangely shaped
                  | body. [potion of mutation]
 57576 | Pan      | Gained mutation: Scrolls take you longer to read. [potion
                  | of mutation]
 57576 | Pan      | Gained mutation: You have a somewhat thin skeletal
                  | structure. (Dex +2, Stealth) [potion of mutation]
 57577 | Pan      | Lost mutation: Your flesh is heat resistant. (rF+) [potion
                  | of mutation]
 57577 | Pan      | Lost mutation: You are clumsy. (Dex -2) [potion of
                  | mutation]
 57577 | Pan      | Lost mutation: You expend magic power (3 MP) to strengthen
                  | your wands. [potion of mutation]
 57577 | Pan      | Lost mutation: Scrolls take you longer to read. [potion of
                  | mutation]
 57577 | Pan      | Gained mutation: Your spells are a little easier to cast,
                  | but a little less powerful. [potion of mutation]
 57577 | Pan      | Gained mutation: You are somewhat resistant to further
                  | mutation. [potion of mutation]
 57874 | Pan      | Noticed Lanuqyi the pandemonium lord
 57895 | Pan      | Killed Lanuqyi the pandemonium lord
 57906 | Pan      | Got a demonic rune of Zot
 58183 | Pan      | HP: 88/176 [gelid warmonger/+2 glaive of distortion (9)]
 58452 | Pan      | Gained mutation: You are very frail. (-20% HP) [a neqoxec]
 58649 | Pan      | Noticed Ufricim the pandemonium lord
 58688 | Pan      | HP: 73/156 [lorocyproca (8)]
 58695 | Pan      | Killed Ufricim the pandemonium lord
 58840 | Depths:5 | Escaped Pandemonium
 58890 | Zot:1    | Entered Level 1 of the Realm of Zot
 59860 | Zot:2    | HP: 72/156 [acid (15)]
 60070 | Zot:3    | Noticed an orb of fire
 60561 | Zot:5    | Entered Level 5 of the Realm of Zot
 61214 | Zot:5    | Noticed an ancient lich
 61217 | Zot:5    | Noticed an orb of fire
 61219 | Zot:5    | Noticed an orb of fire
 61222 | Zot:5    | Noticed an orb of fire
 61230 | Zot:5    | Noticed an ancient lich
 61243 | Zot:5    | Noticed an ancient lich
 61245 | Zot:5    | Killed an orb of fire
 61254 | Zot:5    | Gained mutation: You are extremely frail. (-30% HP) [an orb
                  | of fire]
 61255 | Zot:5    | Killed an orb of fire
 61255 | Zot:5    | Reached skill level 27 in Fighting
 61260 | Zot:5    | Killed an orb of fire
 61270 | Zot:5    | Killed an ancient lich
 61273 | Zot:5    | Killed an ancient lich
 61276 | Zot:5    | Killed an ancient lich
 61746 | Zot:5    | Got the Orb of Zot
 61942 | Depths:5 | Identified the +3 buckler of Resourcefulness {rN+++ Dex-2}
 62014 | Depths:5 | HP: 48/139 [Hell Sentinel/damnation (34)]
 62158 | Depths:2 | Noticed Ycoatuj the pandemonium lord
 62188 | D:15     | Killed Ycoatuj the pandemonium lord
 62520 | D:3      | Noticed Beonnar the pandemonium lord
 62523 | D:3      | Killed Beonnar the pandemonium lord
 62539 | D:3      | HP: 52/139 [Brimstone Fiend/damnation (36)]
 62720 | D:$      | Escaped with the Orb!

Skill      XL: |  1  2  3  4  5  6  7  8  9 10 11 12 13 14 15 16 17 18 19 20 21 22 23 24 25 26 27 |
---------------+----------------------------------------------------------------------------------+-----
Maces & Flails | 3 4 5 7 8 10 11 12 13 14 15 16 19 | 19.6
Armour         | 4 5 6 7 8 9 10 11 12 13 14 15 16 17 18 19 20 23 | 23.5
Shields        | 4 5 6 7 8 9 10 11 12 13 14 15 18 | 18.2
Fighting       | 4 5 6 7 8 9 10 11 12 13 14 15 17 18 19 21 22 23 27 | 27.0
Evocations     | 2 4 5 6 8 9 14 | 14.5
Invocations    | 3 5 6 7 9 10 11 12 14 15 17 18 20 21 22 23 24 26 27 | 27.0
Dodging        | 3 4 5 6 7 9 14 | 14.1

Action                   |  1- 3 |  4- 6 |  7- 9 | 10-12 | 13-15 | 16-18 | 19-21 | 22-24 | 25-27 || total
-------------------------+-------+-------+-------+-------+-------+-------+-------+-------+-------++-------
Melee: Flail             |   160 |   139 |   421 |    56 |       |       |       |       |       ||   776
       Morningstar       |       |       |       |   582 |   909 |   475 |       |       |       ||  1966
       Sacred scourge    |       |       |       |       |       |   667 |  1511 |  1857 |  3583 ||  7618
Invok: Divine Shield     |       |       |       |     1 |       |       |       |       |       ||     1
       Summon Divine War |       |       |       |       |     3 |     2 |     1 |     7 |     9 ||    22
       Brand Weapon With |       |       |       |       |       |     1 |       |       |       ||     1
       Cleansing Flame   |       |       |       |       |       |       |    10 |    16 |    30 ||    56
 Abil: Evoke Berserk Rag |       |       |       |     1 |    12 |    14 |     1 |     1 |       ||    29
       Fly               |       |       |       |       |     1 |     1 |     1 |       |       ||     3
       Stop Flying       |       |       |       |       |     1 |       |     1 |       |       ||     2
Evoke: Wand              |       |       |       |       |       |       |       |       |     2 ||     2
  Use: Scroll            |       |     4 |     9 |    15 |     8 |     8 |     3 |    14 |    11 ||    72
       Potion            |       |       |       |     3 |     2 |       |     1 |    13 |    13 ||    32
  Eat: Chunk             |     4 |     5 |    14 |    17 |    32 |    21 |    16 |     6 |    20 ||   135
       Ration            |       |       |       |     2 |     3 |     6 |     4 |     6 |    13 ||    34
Armor: Scale mail        |   120 |    40 |       |       |       |       |       |       |       ||   160
       Chain mail        |       |    21 |   201 |   302 |       |       |       |       |       ||   524
       Ring mail         |       |       |    49 |    25 |   223 |       |       |       |       ||   297
       Gold dragon scale |       |       |       |       |   337 |   590 |   834 |   653 |  1796 ||  4210
Dodge: Dodged            |    65 |    36 |   143 |   176 |   253 |   194 |   294 |   279 |   716 ||  2156
       Deflected         |       |       |       |       |       |       |     6 |    16 |    28 ||    50
Block: Shield            |   111 |    73 |   239 |   417 |   615 |   557 |   752 |   721 |  1073 ||  4558
       Large shield      |       |       |       |       |       |       |       |       |  1158 ||  1158

Levels and vault maps discovered:
D:1:      kb_arrival_jail, layout_basic
D:2:      wad_lake_hut, layout_basic, bh_walls_and_bars
D:3:      layout_loops_corners, overflow_temple_1_default
D:4:      layout_basic, ebering_ghost_reflecting_pool, dk_rats_in_the_wall,
          uniq_ijyb, uniq_sigmund
D:5:      layout_rooms, old_standard_altar, kennysheep_mini, first_ration,
          cheibrodos_sewer_entry_bend
D:6:      layout_loops_ring, grunt_temple_overflow_open,
          minmay_temple_entry_crystal_x, kennysheep_generic_room_14
D:7:      layout_loops_corners
D:8:      layout_rooms, makhleb_blood_cavern_becter, serial_shops,
          kennysheep_mini_moat, hangedman_little_slice_of_home, uniq_pikel,
          uniq_grum
D:9:      layout_roguey, lemuel_round_altar, nicolae_ru_sacrificial_ziggurat,
          lair_entry_dummy
D:10:     layout_cave_pools, orc_0_dummy, serial_shops, shop,
          chequers_serial_rivers_micro_e, uniq_nergalle
D:11:     layout_cave_pools
D:12:     layout_long_grid, minmay_misc_feat_rows, small_chamber_with_monster
D:13:     layout_loops_corners, ximxim_vaults_locker_room,
          gauntlet_entry_generic, columned_hall_lemuel, minmay_shop_mayhem
D:14:     layout_long_grid, ebering_dispersal_statue_hall
D:15:     hangedman_slaughterboxes
Temple:   dshaligram_water_room_temple
Depths:1: minmay_the_grid_net [minmay_the_grid_empty, minmay_the_grid_plusring,
          minmay_the_grid_paths, minmay_the_grid_diamond_grid,
          minmay_the_grid_embedded, minmay_the_grid_prize_four_corners],
          layout_cross, enter_ziggurat_d, hell_entry, minmay_misc_feat_roman,
          serial_shops, nicolae_shop_statue_plus, minmay_crystal_room,
          minmay_misc_feat_nine_boxes, grunt_ministairs_7,
          serial_sigils_hangedman_gnaw, minmay_misc_feat_square,
          chequers_serial_rivers_small_a, kennysheep_generic_room_5
Depths:2: minmay_big_diamond_grid, layout_small_grid, hangedman_decor_lopped,
          abyss_entry_flame_altar, lightli_too_deep
Depths:3: hangedman_cross_cluster, layout_gridlike, serial_glass,
          glass_columns_a, glass_columns_c, pan_entry,
          marbit_kobold_abyss_entry, hangedman_coc_ice_floe, uniq_frederick
Depths:4: evilmike_horseshoe, layout_basic, abyss_entry_crystal,
          hangedman_decor_riveting, hell_entry, uniq_margery
Depths:5: evilmike_zot_entry_hall, layout_long_grid, hell_entry,
          corexii_hall_statues_u, rand_demon_pan_entry_3, drop_trap, hex_large,
          serial_sigils_hangedman_snap, minmay_checkered_concentric_circles
Hell
Dis:1:    layout_gridville
Dis:2:    layout_subdivisions
Dis:3:    layout_overlapping_boxes
Dis:4:    layout_gridville, grunt_dis_stairs_iron_hall, grunt_megastairs_3
Dis:5:    layout_chaotic_city
Dis:6:    layout_chaotic_city
Dis:7:    dis_grunt_layers
Tar:1:    layout_catacombs
Tar:2:    layout_grid_maze
Tar:3:    layout_cathedral_of_symmetry
Tar:4:    layout_honeycomb
Tar:5:    layout_catacombs
Tar:6:    layout_catacombs, nicolae_tar_cuneiform_three,
          nicolae_tar_cuneiform_oil, nicolae_tar_cuneiform_heaven
Tar:7:    tar_mu [tar_mu_maze]
Zot:1:    lemuel_draconian_sentries_small, layout_misc_corridors,
          ebering_ghost_reflecting_pool, skrybe_zot_glass_1
Zot:2:    layout_misc_corridors, st_stairs_9
Zot:3:    hangedman_zot_vaults_quadrants, layout_concentric_octagons,
          skrybe_zot_glass_3
Zot:4:    layout_misc_corridors
Zot:5:    layout_onion
Abyss:1
Abyss:2:  hangedman_stitches_earthworm
Abyss:3
Abyss:4:  nicolae_abyss_rune_left_handed, evilmike_abyss_exit_smiterflies,
          hangedman_abyss_or_decor_stagger
Abyss:5:  guppyfry_abyss_exit_spiral_guarded, evilmike_abyss_exit_mutagenic,
          minivault_25, hangedman_eye_storm, grunt_abyss_exit_deep_breaths,
          minivault_4
Pan:      grunt_pan_sceptre, layout_grid_shapes, pan_surprise
Sewer:    sewer_kobolds
Gauntlet: minmay_gauntlet_77_tree [minmay_gauntlet_arena_77_hold_the_fort,
          minmay_gauntlet_arena_77_terracotta_army,
          minmay_gauntlet_arena_77_chump_sandwich,
          minmay_gauntlet_arena_77_p_blocks, minmay_gauntlet_arena_77_box,
          minmay_gauntlet_arena_77_two_paths,
          minmay_gauntlet_arena_77_checkered, gauntlet_exit_watery]
